Cogmind - Beta 14 @@@ ROGUE MODE // 2024.09.06 @ 04:42:23 Player: Helstads_dog Result: Destroyed by Fighter 4a with Axe Performance ------------- Evolutions (0) 0 Regions Visited (3) 600 Robots Destroyed (44) 220 Value Destroyed (1287) 1287 Prototype IDs (18) 360 Alien Tech Used (0) 0 Bonus (0) 0 TOTAL SCORE: 2467 Bonus ------- None Cogmind --------- Core Integrity 0/250 Matter 285/300 Energy 79/125 System Corruption 1% Temperature Cool (36) Movement Core (550) Ox10 Location -7/Recycling Parts ------- > --- POWER (1) -------- Light Ion Engine > --- PROPULSION (2) --- Armored Treads > --- UTILITY (2) ------ Large Storage Unit Improved Light Armor Plating > --- WEAPON (2) ------- Improved EM Shotgun Pulse Rifle > --- INVENTORY (15) --- Nuclear Core Nuclear Core Light Treads Spiked Treads Spiked Treads Subdweller Monowheel Disposable Heat Sink Seismic Detector V3-11A's Pendant Light Cannon Rocket Launcher Chainsword Peak State ------------ > --- POWER ------------ Light Ion Engine Light Ion Engine > --- PROPULSION ------- Light Treads Light Treads Spiked Treads Wheel > --- UTILITY ---------- Large Storage Unit Medium Armor Plating Tower Shield > --- WEAPON ----------- Improved EM Shotgun Subdweller Machine Gun Light Cannon Rocket Launcher > --- INVENTORY -------- Subdweller Power Source Spiked Treads Spiked Treads Spiked Treads Wheel Subdweller Monowheel Disposable Heat Sink Medium Armor Plating Medium Armor Plating V3-11A's Pendant Improved EM Shotgun Subdweller Beam Cannon Barrage Gun Battle Cannon Mining Claw [Rating: 41] Favorites ----------- Power Light Ion Engine Engine Light Ion Engine Propulsion Light Treads Treads Light Treads Leg Aluminum Leg Wheel Wheel Utility Large Storage Unit Device Disposable Heat Sink Storage Large Storage Unit Processor Signal Interpreter Protection Medium Armor Plating Weapon Light Cannon Energy Gun Improved EM Shotgun Energy Cannon Subdweller Beam Cannon Ballistic Gun Subdweller Machine Gun Ballistic Cannon Light Cannon Launcher Rocket Launcher Slashing Weapon Mining Claw Build | -11 -10 -10 -7 ------- Run | Yrd Mat Sub Rec Slots Evolved . | . . . . Power . | . . . . Propulsion . | . . . . Utility . | . . . . Weapon . | . . . . Parts Attached 65 | . 22 28 15 Power 3 | . . 2 1 Engine 3 | . . 2 1 Core . | . . . . Reactor . | . . . . Propulsion 14 | . 5 7 2 Treads 8 | . 3 4 1 Leg . | . . . . Wheel 6 | . 2 3 1 Hover . | . . . . Flight . | . . . . Utility 23 | . 9 6 8 Device 4 | . 1 . 3 Storage 5 | . 3 2 . Processor 2 | . 1 . 1 Hackware . | . . . . Protection 12 | . 4 4 4 Artifact . | . . . . Weapon 25 | . 8 13 4 Energy Gun 8 | . 1 4 3 Energy Cannon 1 | . . 1 . Ballistic Gun 2 | . . 2 . Ballistic Cannon 8 | . 4 3 1 Launcher 5 | . 3 2 . Special Weapon . | . . . . Impact Weapon . | . . . . Slashing Weapon 1 | . . 1 . Piercing Weapon . | . . . . Special Melee Weapon . | . . . . Unidentified Prototypes 2 | . 1 . 1 Parts Lost 16 | . . 12 4 Power 2 | . . 2 . Propulsion 4 | . . 3 1 Utility 4 | . . 3 1 Weapon 6 | . . 4 2 Highest Loss Streak 3 | . . 3 3 To Critical Strikes 1 | . . 1 . Average Slot Usage (%) 94 | . 98 91 95 Engine 12 | . 14 13 10 Treads 17 | . 20 17 14 Wheel 9 | . 5 9 14 Storage 11 | . 14 9 14 Protection 13 | . 13 13 12 Energy Gun 11 | . 15 7 17 Energy Cannon 1 | . . 2 . Ballistic Gun 3 | . . 5 . Ballistic Cannon 9 | . 11 7 10 Launcher 1 | . . 3 . Peak Build Rating 41 | . 12 41 17 Average Rating 19 | . 7 28 14 On Entrance 9 | 6 6 12 13 Naked Turns . | . . . . Heaviest Build 85 | 11 36 85 36 Greatest Support 40 | 20 40 20 20 Greatest Overweight (x) 13 | . 3 13 3 Average Overweight (x) 3 | . 1 5 2 Largest Inventory Capacity 25 | . 25 15 15 Average Capacity 13 | . 11 14 15 Most Carried 15 | . 15 15 14 Average Carried 11 | . 8 12 11 Final Capacity 15 | 8 15 15 15 Final Carried 15 | 6 15 11 12 Class Distribution -------------------- 69% | Mutant 30% | Tank Dominant Class ---------------- Mutant | -10/Materials Tank | -10/Subcaves Mutant | -7/Recycling Resources | -11 -10 -10 -7 ----------- Run | Yrd Mat Sub Rec Matter Collected 1568 | 200 396 572 400 Remotely . | . . . . Salvage Created 1669 | . 456 593 620 Parts 90 | . 31 38 21 Haulers Intercepted 1 | . 1 . . Recyclers Shooed . | . . . . Parts Field Recycled . | . . . . Retrieved Matter . | . . . . Parts Self-Destructed 8 | . . 8 . Prevented . | . . . . Kills | -11 -10 -10 -7 ------- Run | Yrd Mat Sub Rec Combat Hostiles Destroyed 33 | . 9 19 5 Guns 10 | . 2 6 2 Cannons 12 | . 4 6 2 AOE 10 | . 3 7 . Classes Destroyed 12 | . 6 2 4 Worker 1 | . 1 . . Builder 2 | . . . 2 Hauler 1 | . 1 . . Recycler 2 | . 1 . 1 Turret 2 | . . 2 . Watcher 3 | . 3 . . Swarmer 8 | . 3 4 1 Grunt 8 | . 6 2 . Brawler 1 | . . . 1 Sentry 2 | . . . 2 Programmer 1 | . . . 1 Subdweller 13 | . . 13 . Best Kill Streak 4 | . 3 4 2 Combat Bots Only 4 | . 3 4 2 Max Kills in Single Turn 3 | . 3 2 1 Gunslinging . | . . . . Exploded 3 | . 3 2 . Melee . | . . . . Uniques/NPCs Destroyed . | . . . . Combat | -11 -10 -10 -7 -------- Run | Yrd Mat Sub Rec Hostile Shots Fired 274 | . 27 168 79 Missed 103 | . 9 61 33 Damage Taken 1986 | . 194 1265 527 Core 266 | . 33 122 111 Absorbed by Shields 10 | . . . 10 Core Remaining (%) 100 | 100 . . . Volleys Fired 158 | . 49 86 23 Largest 4 | . 2 4 2 Hottest 155 | . 80 155 108 Shots Fired 289 | . 90 158 41 Gun 161 | . 55 77 29 Cannon 103 | . 32 59 12 Launcher 25 | . 3 22 . Special . | . . . . Kinetic 110 | . 32 66 12 Thermal 36 | . 9 26 1 Explosive 25 | . 3 22 . Electromagnetic 118 | . 46 44 28 Robot Hit Streak 8 | . 7 8 7 Robot Miss Streak 8 | . 8 5 3 Penetration Max . | . . . . Secondary Targets . | . . . . Shots Hit Robots 143 | . 42 69 32 Core Hits 83 | . 19 42 22 Critical Kills . | . . . . Critical Parts Destroyed . | . . . . Critical Strikes 3 | . 3 . . Blast 2 | . 2 . . Corrupt 1 | . 1 . . Melee Attacks 7 | . . 7 . Impact . | . . . . Slashing 7 | . . 7 . Piercing . | . . . . Sneak Attacks . | . . . . Combat Hostiles . | . . . . Follow-up Attacks . | . . . . Damage Inflicted 3721 | . 844 2222 655 Guns 1378 | . 398 543 437 Cannons 975 | . 277 517 181 Explosions 1368 | . 169 1162 37 Melee . | . . . . Ramming . | . . . . Kinetic 963 | . 277 505 181 Thermal 370 | . 53 262 55 Explosive 1310 | . 148 1162 . Electromagnetic 1078 | . 366 293 419 Impact . | . . . . Slashing . | . . . . Piercing . | . . . . Highest Corruption 1 | . 1 1 1 Average Corruption 1 | . 1 1 1 Corruption Purged . | . . . . Corruption Blocked . | . . . . Effects 44 | . 7 30 7 Message Errors 5 | . 1 4 . Matter Fused 14 | . 3 9 2 Heat Flow Errors 6 | . 1 4 1 Energy Discharges 4 | . . 3 1 Parts Rejected 1 | . . . 1 Parts Fused 1 | . . 1 . Data Loss (minor) 10 | . 1 7 2 Misfires 1 | . 1 . . Alerts 1 | . . 1 . Weapon Failures 1 | . . 1 . Overload Shots . | . . . . Overflow Damage 31 | . . 31 . Projectiles . | . . . . Explosions 31 | . . 31 . Melee . | . . . . Knockbacks 4 | . 1 3 . Impact . | . . . . Kinetic 4 | . 1 3 . Secondary . | . . . . Self-Inflicted Damage 171 | . . 171 . Shots 5 | . . 5 . Rammed . | . . . . Targets Rammed . | . . . . Kicked . | . . . . Crushed . | . . . . Highest Temperature 279 | . 241 264 279 Average Temperature 61 | . 70 45 66 Received Heat Transfer 660 | . 102 444 114 Siege Activations . | . . . . Robots Corrupted 2 | . 1 . 1 Combat Hostiles 1 | . . . 1 Parts Fried 5 | . 3 . 2 Impact Corruptions . | . . . . Robots Melted . | . . . . Combat Hostiles . | . . . . Parts Melted 1 | . . 1 . Heat Transferred 495 | . 125 333 37 Parts Sabotaged . | . . . . Parts Stolen . | . . . . Parts Stripped . | . . . . Power Chain Reactions 2 | . 1 . 1 Alert | -11 -10 -10 -7 ------- Run | Yrd Mat Sub Rec Peak Influence 269 | . 154 . 269 Initial 219 | . . . 219 Average 101 | . 57 . 172 Maximum Alert Level 1 | . . . 1 Low Security (%) 82 | . 100 . 53 Level 1 17 | . . . 46 Level 2 . | . . . . Level 3 . | . . . . Level 4 . | . . . . Level 5 . | . . . . High Security . | . . . . Max Security . | . . . . Squads Dispatched 2 | . 2 . . Investigation . | . . . . Extermination . | . . . . Reinforcement 2 | . 2 . . Assault . | . . . . Garrison . | . . . . Intercept . | . . . . Searches Triggered . | . . . . Construction Impeded . | . . . . Haulers Reinforced . | . . . . Active Scanning Responses . | . . . . Cargo Convoy Interrupts . | . . . . Stealth | -11 -10 -10 -7 --------- Run | Yrd Mat Sub Rec Distress Signals . | . . . . Communications Jammed . | . . . . Distress Signals . | . . . . Times Spotted 59 | . 15 38 6 Peak Tracking Total 4 | . 3 4 2 Tactical Retreats 7 | . . 7 . Traps | -11 -10 -10 -7 ------- Run | Yrd Mat Sub Rec Traps Triggered 4 | . 3 1 . Indirectly . | . . . . Trap Hack Attempts . | . . . . Triggered . | . . . . Disarmed . | . . . . Reprogrammed . | . . . . Reused . | . . . . Traps Extracted . | . . . . Installed . | . . . . Triggered 1 | . 1 . . Machines | -11 -10 -10 -7 ---------- Run | Yrd Mat Sub Rec Machines Disabled 4 | . 1 3 . Max in Single Turn 1 | . 1 1 . Machines Repaired . | . . . . Machines Dismantled . | . . . . Machines Sabotaged . | . . . . Overloaded Fab Kills . | . . . . Hacking | -11 -10 -10 -7 --------- Run | Yrd Mat Sub Rec Machines Accessed 18 | . 8 2 8 Terminals 12 | . 6 . 6 Fabricators . | . . . . Repair Stations 1 | . 1 . . Recycling Units 3 | . 1 . 2 Scanalyzers . | . . . . Garrison Access . | . . . . Total Hacks 48 | . 18 10 20 Successful 25 | . 8 10 7 Failed 22 | . 9 . 13 Catastrophic 6 | . 1 . 5 Database Lockouts 1 | . 1 . . Manual 22 | . 13 . 9 Terminals 30 | . 15 . 15 Fabricators . | . . . . Repair Stations 2 | . 2 . . Recycling Units 6 | . 1 . 5 Scanalyzers . | . . . . Garrison Access . | . . . . Terminal Hacks 18 | . 4 10 4 Record 10 | . . 9 1 Robot Analysis 4 | . 2 . 2 Prototype ID Bank 2 | . 1 . 1 Locate Traps 1 | . 1 . . Derelict Proto ID Bank 1 | . . 1 . Fabricator Hacks . | . . . . Repair Station Hacks 1 | . 1 . . Scan Component 1 | . 1 . . Recycling Unit Hacks 2 | . 1 . 1 Report Inventory 2 | . 1 . 1 Scanalyzer . | . . . . Garrison Access Hacks . | . . . . Unauthorized Hacks 4 | . 2 . 2 Terminals 4 | . 2 . 2 Botnet 4 | . 2 . 2 Fabricators . | . . . . Repair Stations . | . . . . Recycling Units . | . . . . Scanalyzers . | . . . . Garrison Access . | . . . . Data Cores Recovered . | . . . . Used . | . . . . Hacking Detections 15 | . 7 . 8 Full Trace Events 1 | . . . 1 Feedback Events . | . . . . Feedback Blocked . | . . . . Robot Schematics Acquired . | . . . . Robots Built . | . . . . Authchips . | . . . . Time . | . . . . Total Robot Build Rating . | . . . . Part Schematics Acquired . | . . . . Parts Built . | . . . . Authchips . | . . . . Time . | . . . . Total Part Build Rating . | . . . . Parts Repaired . | . . . . Time . | . . . . Parts Recycled . | . . . . Recycled Matter . | . . . . Retrieved Matter . | . . . . Retrieved Components . | . . . . Parts Scanalyzed . | . . . . Part Schematics Acquired . | . . . . Parts Damaged . | . . . . Bothacking | -11 -10 -10 -7 ------------ Run | Yrd Mat Sub Rec Used RIF Installer . | . . . . Robots Hacked . | . . . . Non-combat . | . . . . Combat . | . . . . Robot Hacks Applied . | . . . . Relay Couplers Released . | . . . . Fabnet Peak Effective % . | . . . . Robots Rewired 3 | . . . 3 Allies Hacked . | . . . . Hacks Repelled . | . . . . Allies | -11 -10 -10 -7 -------- Run | Yrd Mat Sub Rec Total Allies 3 | . . . 3 Largest Group 3 | . . . 3 Highest-Rated Group 110 | . . . 110 Highest-Rated Ally 40 | . . . 40 Total Orders 2 | . . . 2 AID 2 | . . . 2 Ally Attacks 2 | . . . 2 Total Damage 31 | . . . 31 Kills . | . . . . Allies Corrupted . | . . . . Allies Melted . | . . . . Intel | -11 -10 -10 -7 ------- Run | Yrd Mat Sub Rec Robot Analysis Total 4 | . 2 . 2 Derelict Logs Recovered 1 | . . 1 . Drone Launches . | . . . . Drone Recoveries . | . . . . Exploration | -11 -10 -10 -7 ------------- Run | Yrd Mat Sub Rec Turns Passed 4723 | . 1388 2476 859 Spaces Moved 2595 | 1 811 1218 565 Core 13 | . . 13 . Treads 370 | . 370 . . Legs 47 | 1 46 . . Wheels 2165 | . 395 1205 565 Hover . | . . . . Flight . | . . . . Fastest Speed 95 | 120 120 95 110 Average Speed 152 | 120 140 173 123 Slowest Speed 700 | 120 240 700 125 Overloaded Moves . | . . . . Propulsion Burnouts . | . . . . Robots Hopped . | . . . . Cave-ins Triggered . | . . . . Exploration Rate (%) 64 | 2 100 73 81 Regions Visited 3 Branch Regions 2 Pre-discovered Areas 2 | . . 2 . Known Exits Taken . | . . . . Unknown Exits Taken 3 | 1 1 1 . Scrap Searched 5 | . . 5 . Spaces Dug 26 | . 8 18 . Terrain Destroyed 169 | . 31 133 5 Melee . | . . . . Projectile 2 | . . 2 . AOE 167 | . 31 131 5 Terrain Rammed . | . . . . Walls Destroyed . | . . . . Machines Disabled . | . . . . Actions | -11 -10 -10 -7 --------- Run | Yrd Mat Sub Rec Total 3066 | . 966 1412 688 Wait 104 | . 53 34 17 Move 2592 | . 810 1217 565 Hop . | . . . . Pick Up 56 | . 18 30 8 Fast Attach 15 | . 4 8 3 Attach 24 | . 3 12 9 Detach 8 | . 2 1 5 Swap 26 | . 15 8 3 Drop 24 | . 12 9 3 Fire 158 | . 49 86 23 Melee 7 | . . 7 . Ram . | . . . . Kick . | . . . . Crush . | . . . . Escape Stasis . | . . . . Rewire 52 | . . . 52 Trap . | . . . . Miscellaneous . | . . . . Route ------- -11/Scrapyard -10/Materials (discovered 5 exits: *Mat x3 / [*Min] / *Sub) -10/Subcaves (discovered 3 exits: [*Mat x2] / *Rec) -7/Recycling (discovered 1 exit: *Fac) History --------- Turn | Location | Event 1 | -11/Scrapyard | Discovered new exit (range 0) 1 | -11/Scrapyard | Entered Materials 301 | -10/Materials | Build established: Mutant 379 | -10/Materials | Discovered new exit (range 7) 593 | -10/Materials | Discovered new exit (range 12) 827 | -10/Materials | Discovered new exit (range 15) 834 | -10/Materials | Central database locked down 1147 | -10/Materials | Discovered new exit (range 10) 1160 | -10/Materials | Identified exit to Materials 1381 | -10/Materials | Discovered new exit (range 10) 1389 | -10/Materials | Entered Subcaves 1729 | -10/Subcaves | Visited 4L-MR0's lab 1743 | -10/Subcaves | Found Tower Shield 1745 | -10/Subcaves | Attached Tower Shield, gained temporary slots: Power, Propulsion x2, Utility x2, Weapon x2 1774 | -10/Subcaves | Lost 3 parts (1u2w) 1843 | -10/Subcaves | Discovered new exit (range 8) 2060 | -10/Subcaves | Build established: Tank 2303 | -10/Subcaves | Learned location of Storage (-7) 2380 | -10/Subcaves | Disturbed a concealed Subdweller 2619 | -10/Subcaves | Visited Clippyterm 2641 | -10/Subcaves | Discovered new exit (range 15) 2781 | -10/Subcaves | Shifting Twisted Machinery released Sub. Beam Cannon 2783 | -10/Subcaves | Shifting Twisted Machinery released Spk. Treads 2825 | -10/Subcaves | Learned location of Zion (-6) 2825 | -10/Subcaves | Met a Zionite searching for "candidates" 2888 | -10/Subcaves | Visited triangular shrine 2900 | -10/Subcaves | Found Prototype Device 3168 | -10/Subcaves | Shifting Twisted Machinery released Sub. Laser 3245 | -10/Subcaves | Lost 3 parts (1p1n1u) 3397 | -10/Subcaves | Shifting Twisted Machinery released Riot Gun 3447 | -10/Subcaves | Shifting Twisted Machinery released Riot Gun 3490 | -10/Subcaves | Shifting Twisted Machinery released Mak. Hacking Suite 3500 | -10/Subcaves | Build established: Mutant 3605 | -10/Subcaves | Ambushed by Subdwellers from Twisted Machinery 3715 | -10/Subcaves | Discovered new exit (range 13) 3769 | -10/Subcaves | Core integrity fell below 50% 3799 | -10/Subcaves | Lost 3 parts (1p1u1w) 3865 | -10/Subcaves | Entered Recycling 3963 | -7/Recycling | Scanned before Scraplab entrance 4347 | -7/Recycling | Identified V3-11A's Pendant 4531 | -7/Recycling | Discovered new exit (range 15) 4562 | -7/Recycling | Identified exit to Factory 4711 | -7/Recycling | P-60 Hacker assimilated allied Fighter 4a 4714 | -7/Recycling | Core integrity fell below 20% 4724 | -7/Recycling | Destroyed by Fighter 4a with Axe Last Messages --------------- 04531_ EXIT=FOUND 04553_ System corrupted: Heat flow error (+297). 04562_ EXIT=IDENTIFIED: FACTORY 04562_ Discarded Imp. Signal Interpreter. 04602_ System corrupted: Energy discharge (-35). 04632_ Acquired Nuclear Core. 04636_ Acquired 20 matter. 04693_ Acquired Nuclear Core. 04705_ P-60 Hacker springs to life. 04705_ H-55 Commando springs to life. 04709_ Slug penetrates Wall. 04711_ P-60 Hacker hacks Fighter 4a, assimilated. 04712_ Slug penetrates Wall. 04713_ P-60 Hacker destroyed. 04716_ Fighter 4a reactivates. 04717_ Battle Cannon destroyed. 04718_ G-47 Trooper destroyed. 04718_ Penetrated by Slug. 04718_ Riot Gun destroyed. 04721_ Wheel destroyed. Map ----- +----------------------------------------------------+ | ?????????????????????????# #?????? | | ??????????????????#####??# #?????? | | ??????????#=??????#"""#??####+####?????? | | ????????# #= =#####"Y"####### #########? | | ?????? #"## | | ?????? ###### | | ?????? #????# ! | | ?????? #????######+##"## | | ???????###+###########+######## # | | ???????????????????# #"" # | | ???????????????????# """ #"" # | | ???????????????????# "T" #"T """ # | | ???????????????????# #"" """"" # | | ???????????????????#""" #"" """"" # | | ???????????????????#""" ### """"" # | | ???????????????????#""" #?# """ # | | ???????????????????# #?# ? # | | ???????????????????#######+##?###+#?#### | | ???????????????########## ##### #????? | | ???????????????# #????? | | ??????########## ##### #####+###??? | | ??????# = ! # #???## ### #??? | | ??????+ u%= # ##+###??# #?# """ #??? | | ??????#kbtu!uh[# # #### ! # """ #??? | | ??????# t # # + !!# """ #??? | | ??????+ l@%# ! #### !!# #?## | | ??????# # # ]#??# ### """ #?# | | ??????#h a r!Y# # ! #### # """ #?#" | | ??????# l # # %+ # """ #?#" | | ??????#Y !s # # #### # ###" | | ??????#/#####+## # #??# # """ + + | | ????? ???????? + %#??# + """ ###" | | ????##?????????# # %#??# # """ #?#" | | ???????????????# # %!=#??# # #?#" | | ???????????????+ #= ! #??# ########?# | | ???????????????# # ! #??# #?##?????#" | | ???????????????# ###+##### ##T#####?#" | | ???????????????# #?#" | | ???????????????+ #?# | | ???????????????# #?#" | | ???????????????###+#+#########+######?#" | | ?????????????????# #?# ! !#??#" | | ?????????????????# #?# ! #??# | | ?????????????????# #?# #??#" | | ?????????????????# #?# #??#" | | ?????????????????# #?# [ #??#" | | ?????????????????# #?#% #??# | | ?????????????????# #?# ! #??## | | ????????????????## #?# / #???? | | ????????????????# #?# = #???? | +----------------------------------------------------+ Best States ------------- Heat Dissipation 35 Coolant Potential 50 Energy Generation 15 Energy Capacity 150 Matter Stores 300 Matter Capacity 300 Sight Range 16 Terrain Scan Density 10 Armor Coverage 2225 Evasion (%) 50 Recoil Reduction 2 Item Schematics ----------------- None Robot Schematics ------------------ None Fabricated ------------ Nothing Alien Tech Used ----------------- None Achievements -------------- Turtlemind Challenges ------------ None Game ------ Seed DeuteriumSpreadCleaver Manual? 0 Play Time 00:58:42 Cumulative 56.0 hours Start 2024.09.06 @ 03:41:44 End 2024.09.06 @ 04:42:23 Sessions 1 Manual Loads 0 Difficulty Rogue Special Mode None Game No. 32 Rogue 32 Adventurer 0 Explorer 0 Win Type - Total 0 Types 0/0/0/0/0/0/0/0/0 Lore% 22 Gallery% 25 Achievement% 32 Wizard Run 0 Options --------- Layout 0 ASCII 0 Keyboard 0 Movement Mouse Keybinds 0 Fullscreen 1 Font 16/SmallcapsGlow Map View 37x27 Zoom Use 94% Tactical HUD 1 Map Filters NONE Filters NONE Steam 1 RUN: 4ddcba9f-5e3c-4836-bf98-b0b7620da9e9